 Dungeon Crawl Stone Soup version 0.32-a0-128-g77eb882913 (webtiles) character file.

Game seed: 4655912890612505408

58 hikkokomori the Ruffian (level 3, 0/36 HPs)
             Began as a Troll Fighter on Feb 8, 2024.
             Was a Believer of Cheibriados.
             Slain by Robin
             ... wielding a +2 spear of freezing
              (4 damage)
             ... on level 2 of the Dungeon.
             The game lasted 00:02:28 (768 turns).

hikkokomori the Ruffian (Troll Fighter)              Turns: 768, Time: 00:02:29

Health: 0/36       AC:  4    Str: 27 (28) XL:     3   Next: 76%
Magic:  2/2        EV:  9    Int:  6 (8)  God:    Cheibriados [**....]
Gold:   13         SH:  9    Dex: 14 (15) Spells: 2/2 levels left

rFire   . .          .
                       - Unarmed
rCold   . . .        b - +1 kite shield
rNeg    . . .        a - +0 robe
rPois   .            (helmet restricted)
rElec   .            (no cloak)
rCorr   .            (gloves unavailable)
SInv    .            (boots unavailable)
Will    .....        (no amulet)
Stlth   +            (no ring)
HPRegen 1.06/turn    (no ring)
MPRegen 0.08/turn

%: no passive effects
@: mighty, very slow
A: large, unfitting armour, claws 3, regeneration 1, shaggy fur 1, tough skin 1
a: Renounce Religion, Bend Time


You were on level 2 of the Dungeon.
You worshipped Cheibriados.
Cheibriados was pleased with you.
You visited 1 branch of the dungeon, and saw 2 of its levels.

You collected 13 gold pieces.

Inventory:

Armour
 a - a +0 robe (worn)
 b - a +1 kite shield (worn)
Scrolls
 g - a scroll of enchant armour
Potions
 d - a potion of attraction
 e - a potion of degeneration


   Skills:
 - Level 2.4 Fighting
 - Level 2.4 Dodging
 - Level 2.6 Shields
 + Level 4.2 Unarmed Combat


You had 2 spell levels left.
You didn't know any spells.
Your spell library was empty.

Dungeon Overview and Level Annotations

Branches:
Dungeon (2/15)

Altars:
Cheibriados

Annotations:
D:2 Robin


Innate Abilities, Weirdness & Mutations

You are too large for most types of armour.
You have claws for hands.
Your natural rate of healing is unusually fast.
You are covered in fur. (AC +1)
You have tough skin. (AC +1)


Message History

Cheibriados raises the support of your attributes as your movement slows.
The gnoll barely misses you.
Unknown command.
You scratch the endoplasm.
You kill the endoplasm!
Cheibriados appreciates the change of pace.
You block the gnoll's attack. Robin barely misses you.
Your Unarmed Combat skill increases to level 4!
Unknown command.
You completely miss the gnoll. The gnoll hits you but does no damage.
The gnoll hits you with a +0 flail!
Robin hits you from afar with a +2 spear of freezing.
Robin freezes you.
Unknown command.
Okay, then.
Items here: ))))))) ††.
You have nothing you can fire or use right now.
You aren't carrying any items that you can evoke.
You feel very mighty all of a sudden. You block the gnoll's attack.
Robin hits you from afar with a +2 spear of freezing.
Robin freezes you.
* * * LOW HITPOINT WARNING * * *
You mangle the gnoll!!
You kill the gnoll!
Cheibriados appreciates the change of pace.
Robin hits you from afar with a +2 spear of freezing.
* * * LOW HITPOINT WARNING * * *
Robin freezes you.
* * * LOW HITPOINT WARNING * * *
The gnoll hits you but does no damage.
Robin hits you with a +2 spear of freezing.
* * * LOW HITPOINT WARNING * * *
Robin freezes you.
* * * LOW HITPOINT WARNING * * *
You block the gnoll's attack.
Robin hits you with a +2 spear of freezing.
You die...
Robin says, "And that's why I'm the boss."
Cheibriados appreciates the motionlessness of death.

........#J
.......g#.###########
.............. ......
........##..# ....
>...........# ... .
............###.# ..#
...........g##).#.....
......))..ggg@).......
#......)...S#####...#.
####........##.....)#
##.......##......
#........#....#
#..#####.#...#
####..#####.....#
#..........#....#####
#..........#......<.#


You could see Robin, 3 gnolls and a ball python.

Vanquished Creatures
  A gnoll (D:2)
  A dart slug (D:1)
  2 bats (D:1)
  6 endoplasms
  13 goblins
  2 hobgoblins
  4 jackals (D:1)
  2 quokkas
  3 ball pythons (D:1)
  A frilled lizard (D:2)
  3 kobolds
  2 rats (D:1)
  A spectral kobold (D:1)
41 creatures vanquished.

Notes
Turn   | Place    | Note
-------+----------+-------------------------------------------
     0 | D:1      | hikkokomori the Troll Fighter began the quest for the Orb.
     0 | D:1      | Reached XP level 1. HP: 22/22 MP: 0/0
    96 | D:1      | Reached XP level 2. HP: 29/29 MP: 1/1
   126 | D:1      | Reached skill level 3 in Unarmed Combat
   458 | D:1      | Found a faded altar of an unknown god.
   470 | D:1      | Prayed at the altar of an unknown god.
   470 | D:1      | Became a worshipper of Cheibriados the Contemplative
   470 | D:1      | Reached * piety under Cheibriados
   711 | D:2      | Reached XP level 3. HP: 32/36 MP: 2/2
   726 | D:2      | Noticed Robin
   762 | D:2      | Reached ** piety under Cheibriados
   764 | D:2      | Reached skill level 4 in Unarmed Combat
   768 | D:2      | Slain by Robin

Illustrated notes

Levels and vault maps discovered:
D:1:      ldierk_walled_garden, layout_basic,
          dreamdust_ecumenical_altar_drowned_temple, feat_on_display
D:2:      minmay_diamond_boxcup, layout_rooms, kennysheep_decorative_pillar,
          minmay_tree_intersection, minmay_cupped, uniq_robin

Skill      XL: |  1  2  3 |
---------------+----------+-----
Unarmed Combat | 3 4 |  4.2
Fighting       | |  2.4
Dodging        | |  2.4
Shields        | |  2.6

Action                     || total
---------------------------++-------
  Melee: Unarmed           ||    85
    Use: Scroll            ||     4
         Potion            ||     2
 Armour: Robe              ||    62
  Dodge: Dodged            ||    32
  Block: Kite shield       ||    41

Table legend: (Time is in decaauts)
 A = Elapsed time spent in this place.
 B = Non-inter-level travel time spent in this place.
 C = Inter-level travel time spent in this place.
 D = Time resting spent in this place.
 E = Time spent auto-exploring this place.
 F = Levels seen in this place.
 G = Mean time per level.
                   A        B        C        D        E       F      G
               +--------+--------+--------+--------+--------+-----+--------+
         Total |    865 |    835 |     30 |      0 |    627 |   2 |  432.5 |
       Dungeon |    865 |    835 |     30 |      0 |    627 |   2 |  432.5 |
               +--------+--------+--------+--------+--------+-----+--------+

Top non-repeatable levels by time:
     D:1: 783 daAuts
     D:2: 82 daAuts
